 Dungeon Crawl Stone Soup version 0.27-a0-633-gc6addc0a40 (webtiles) character file.

Game seed: 15701608721888654650

35 scammafunk the Firebug (level 3, -10/19 HPs)
             Began as a Deep Elf Fire Elementalist on Mar 13, 2021.
             Engulfed by a cloud of flame (21 damage)
             ... on level 2 of the Dungeon.
             The game lasted 00:05:08 (1125 turns).

scammafunk the Firebug (Deep Elf Fire Elementalist) Turns: 1125, Time: 00:05:09

Health: -10/19     AC:  2    Str:  5    XL:     3   Next: 17%
Magic:  3/10       EV: 13    Int: 20    God:
Gold:   54         SH:  0    Dex: 15    Spells: 2/9 levels left

rFire    . . .     SeeInvis .   d - +0 whip
rCold    . . .     Faith    .   (no shield)
rNeg     . . .     Spirit   .   a - +0 robe
rPois    .         Reflect  .   (no helmet)
rElec    .         Harm     .   (no cloak)
rCorr    .         Rampage  .   (no gloves)
Will     .....                  (no boots)
Stlth    ++........             (no amulet)
HPRegen  0.06/turn              (no ring)
MPRegen  0.12/turn              (no ring)

@: no status effects
A: no striking features
a: no special abilities


You were on level 2 of the Dungeon.
You visited 1 branch of the dungeon, and saw 2 of its levels.

You collected 54 gold pieces.

Inventory:

Hand Weapons
 d - a +0 whip (weapon)
Armour
 a - a +0 robe (worn)
Scrolls
 b - a scroll of blinking {unknown}
 g - a scroll of teleportation {unknown}
Potions
 c - a potion of might {unknown}
 e - a potion of flight {unknown}
 f - a potion of attraction {unknown}
 h - a potion of cancellation {unknown}


   Skills:
 - Level 2.7 Dodging
 - Level 2.4 Stealth
 + Level 3.8 Spellcasting
 + Level 1.8 Conjurations
 + Level 3.8 Fire Magic


You had 2 spell levels left.
You knew the following spells:

 Your Spells              Type           Power      Damage    Failure   Level
a - Foxfire               Conj/Fire      60%        2x1d7     4%          1
b - Conjure Flame         Conj/Fire      15%        6-21      12%         3
c - Inner Flame           Hex/Fire       11%        N/A       19%         3

Your spell library contained the following spells:

 Spells                   Type           Power      Damage    Failure   Level
 Sticky Flame             Conj/Fire      15%        2d4       38%         4
 Fireball                 Conj/Fire      7%         3d5       75%         5


Dungeon Overview and Level Annotations

Branches:
Dungeon (2/15)

Altars:


Message History

You hit the adder.
The adder is severely wounded.
The adder closely misses you.
You conjure some foxfire!
The adder bites you.
The foxfire hits the adder.
The adder is almost dead.
The foxfire hits the adder.
You kill the adder!
You have reached level 3!
Your experience leads to an increase in your attributes!
Increase (S)trength, (I)ntelligence, or (D)exterity?
You feel clever.
You now have 54 gold pieces (gained 2).
This spell is extremely dangerous to cast!
Memorise Conjure Flame, consuming 3 spell levels and leaving 5?
You start memorising the spell.
You continue memorising. x3
You finish memorising.
Spell assigned to 'b'.
This spell is extremely dangerous to cast!
Memorise Inner Flame, consuming 3 spell levels and leaving 2?
You start memorising the spell.
You continue memorising. x3
You finish memorising.
Spell assigned to 'c'.
A jackal comes into view.
You conjure some foxfire!
The jackal barks!
You hear a bark!
The jackal bites you. The jackal misses you.
You hit the jackal but do no damage.
The foxfire hits the jackal!
You kill the jackal!
A jackal comes into view.
You see here a jackal corpse.
Casting: Foxfire (safe; 4% risk of failure)
Confirm with . or Enter, or press ? or * to list all spells.
The spell is extremely dangerous to cast (12% risk of failure)!
Continue anyway?
The fire begins to smolder!
Your foxfire dissipates!
Casting: Conjure Flame (extremely dangerous; 12% risk of failure)
Confirm with . or Enter, or press ? or * to list all spells.
The spell is extremely dangerous to cast (12% risk of failure)!
Continue anyway?
The fire ignites!
You are engulfed in blazing flames.
Ouch! That really hurt!
You die...

## (. ##. #. ... >
#.###### #..
#.h....#
#.#####@..#
#...#..§..#
#.#.#.##.##
#.#..<##.# ≈
..#####.##†###.≈≈≈
.≈..............≈#
.####.........≈#
#.######..## #.#
##.#


You could see a jackal.

Vanquished Creatures
  An adder (D:2)
  A dart slug (D:1)
  A ball python (D:1)
  2 giant cockroaches (D:1)
  5 goblins (D:1)
  A hobgoblin (D:1)
  A jackal (D:2)
  2 bats (D:1)
  4 kobolds (D:1)
  6 rats
24 creatures vanquished.

Vanquished Creatures (others)
  37 foxfires
37 creatures vanquished.

Grand Total: 61 creatures vanquished

Notes
Turn   | Place    | Note
-------+----------+-------------------------------------------
     0 | D:1      | scammafunk the Deep Elf Fire Elementalist began the quest
                  | for the Orb.
     0 | D:1      | Reached XP level 1. HP: 10/10 MP: 6/6
   139 | D:1      | Reached XP level 2. HP: 10/15 MP: 1/8
  1066 | D:2      | Reached XP level 3. HP: 10/19 MP: 7/10
  1073 | D:2      | Learned a level 3 spell: Conjure Flame
  1077 | D:2      | Learned a level 3 spell: Inner Flame
  1125 | D:2      | Engulfed by a cloud of flame

Illustrated notes

Levels and vault maps discovered:
D:1:      heliophobic_arrival_battle_scene, layout_loops_cross
D:2:      layout_loops_ring, nemelex_xobeh_ov_fountains_minmay, serial_rivers,
          chequers_serial_rivers_small_b, chequers_serial_rivers_small_3,
          chequers_serial_rivers_micro_b, chequers_serial_rivers_micro_c,
          chequers_serial_rivers_large_b, chequers_serial_rivers_micro_c,
          uniq_sigmund

Action                   || total
-------------------------++-------
Melee: Unarmed           ||     3
       Whip              ||    34
 Cast: Foxfire           ||    23
       Conjure Flame     ||     2
Armor: Robe              ||     5
Dodge: Dodged            ||    30

Table legend: (Time is in decaauts)
 A = Elapsed time spent in this place.
 B = Non-inter-level travel time spent in this place.
 C = Inter-level travel time spent in this place.
 D = Time resting spent in this place.
 E = Time spent auto-exploring this place.
 F = Levels seen in this place.
 G = Mean time per level.
                   A        B        C        D        E       F      G
               +--------+--------+--------+--------+--------+-----+--------+
         Total |   1127 |   1082 |     45 |      0 |    809 |   2 |  563.5 |
       Dungeon |   1127 |   1082 |     45 |      0 |    809 |   2 |  563.5 |
               +--------+--------+--------+--------+--------+-----+--------+

Top non-repeatable levels by time:
     D:1: 1037 daAuts
     D:2: 90 daAuts
